 Dungeon Crawl Stone Soup version 0.29-a0-284-gf9362112df (webtiles) character file.

Game seed: 10797222232823055276

346 siradein the Purveyor of Pain (level 6, -6/57 HPs)
             Began as a Troll Necromancer on Mar 23, 2022.
             Was an Initiate of Kikubaaqudgha.
             Mangled by an ogre
             ... wielding a +0 giant club
              (16 damage)
             ... on level 4 of the Dungeon.
             The game lasted 00:09:52 (2331 turns).

siradein the Purveyor of Pain (Troll Necromancer)   Turns: 2331, Time: 00:09:53

Health: -6/57      AC:  4    Str: 17    XL:     6   Next: 32%
Magic:  2/8        EV: 10    Int: 13    God:    Kikubaaqudgha [......]
Gold:   114        SH:  0    Dex: 10    Spells: 5/9 levels left

rFire   + + .      SeeInvis .     - Unarmed
rCold   + . .      Faith    .   (no shield)
rNeg    . . .      Spirit   .   o - +0 robe {rF+}
rPois   .          Reflect  .   (helmet restricted)
rElec   .          Harm     .   n - scarf {rC+ rF+}
rCorr   .          Rampage  .   (gloves unavailable)
Will    +....                   (boots unavailable)
Stlth   +.........              (no amulet)
HPRegen 0.99/turn               h - ring of willpower
MPRegen 0.11/turn               (no ring)

@: no status effects
A: large, unfitting armour, claws 3, regeneration 1, shaggy fur 1, tough skin 1
a: Renounce Religion


You were on level 4 of the Dungeon.
You worshipped Kikubaaqudgha.
Kikubaaqudgha was noncommittal.
You visited 1 branch of the dungeon, and saw 6 of its levels.

You collected 114 gold pieces.

Inventory:

Armour
 n - a scarf of resistance (worn)
 o - a +0 robe of fire resistance (worn)
Jewellery
 h - a ring of willpower (left claw)
Wands
 j - a wand of iceblast (4)
Scrolls
 c - 3 scrolls of teleportation {unknown}
 d - a scroll of amnesia {unknown}
 i - a scroll of torment {unknown}
 k - a scroll of blinking {unknown}
 m - a scroll of enchant weapon {unknown}
Potions
 b - a potion of magic
 e - 3 potions of mutation {unknown}
 f - a potion of degeneration {unknown}
 g - a potion of attraction {unknown}
 l - a potion of lignification {unknown}


   Skills:
 + Level 2.1 Fighting
 + Level 2.7 Dodging
 - Level 1.0 Stealth
 + Level 2.6 Unarmed Combat
 + Level 2.1 Spellcasting
 + Level 4.1 Necromancy


You had 5 spell levels left.
You knew the following spells:

 Your Spells              Type           Power      Damage    Failure   Level
a - Vampiric Draining     Necr           12%        2d6       14%         3
b - Pain                  Necr           48%        1d6       4%          1

Your spell library contained the following spells:

 Spells                   Type           Power      Damage    Failure   Level
 Animate Skeleton         Necr           24%        N/A       4%          1
 Animate Dead             Necr           6%         N/A       41%         4
 Agony                    Necr           12%        N/A       77%         5


Dungeon Overview and Level Annotations

Branches:
Dungeon (6/15)
 Temple: D:4-7

Altars:
Ashenzari
Kikubaaqudgha

Shops:
D:1 (


Innate Abilities, Weirdness & Mutations

You are too large for most types of armour.
You have claws for hands.
Your natural rate of healing is unusually fast.
You are covered in fur. (AC +1)
You have tough skin. (AC +1)


Message History

You are too injured to fight recklessly!
Cast which spell? (? or * to list)
Aiming: Pain (safe; 4% risk of failure)
Press: ? - help, Shift-Dir - straight line, f - orc wizard
Aim: an orc wizard, wielding a +0 dagger and wearing a +0 robe (heavily wounded, chance to affect: 67%)
Okay, then.
Unknown command.
Adjust (i)tems, (s)pells, or (a)bilities?
Adjust which spell? b - Vampiric Draining Adjust to which letter? a - Vampiric Draining; b - Pain
Casting: Pain (safe; 4% risk of failure)
Confirm with . or Enter, or press ? or * to list all spells.
Aiming: Vampiric Draining (dangerous; 14% risk of failure)
Press: ? - help, Shift-Dir - straight line, f - orc wizard
Aim: an orc wizard, wielding a +0 dagger and wearing a +0 robe (heavily wounded)
You draw life force from the orc wizard!
You kill the orc wizard!
Kikubaaqudgha accepts your kill.
You feel life coursing into your body.
The orc priest hits you but does no damage.
You are too injured to fight recklessly!
You are too injured to fight recklessly!
You are too injured to fight recklessly!
Casting: Vampiric Draining (dangerous; 14% risk of failure)
Confirm with . or Enter, or press ? or * to list all spells.
Aiming: Vampiric Draining (dangerous; 14% risk of failure)
Press: ? - help, Shift-Dir - straight line, f - ogre
Aim: an ogre, wielding a +0 giant club You draw life force from the ogre.
You feel life coursing into your body. The orc priest barely misses you.
The ogre hits you with a +0 giant club!!
* * * LOW HITPOINT WARNING * * *
You scratch the ogre.
The ogre is lightly wounded.
The orc priest begins to cast a cantrip, but forgets the words!
The ogre hits you with a +0 giant club!
You die...
Kikubaaqudgha rasps: "You have failed me!
Welcome... death!"

#.# #.# #.##
#..## #.#.##
#.###.#####...
#.# ##........
## ##.###.....
#@## ...
#..O## . ##ow
.... ###.# #+


You could see an ogre, a worm and an orc priest.

Vanquished Creatures
  A scorpion (D:6)
  A hound (D:6)
  An orc priest (D:3)
  2 orc wizards
  6 adders
  2 adder zombies (D:2)
  3 adder skeletons (D:2)
  A worm (D:2)
  2 dart slugs (D:1)
  14 orcs
  A bat skeleton (D:2)
  8 endoplasms
  7 giant cockroaches
  2 goblins (D:1)
  6 hobgoblins
  A jackal (D:3)
  2 kobolds
  8 quokkas
  4 ball pythons
  A ball python skeleton (D:2)
  A ball python zombie (D:2)
  9 bats
  4 frilled lizards
  A jackal zombie (D:2)
  A quokka skeleton (D:2)
  8 rats
97 creatures vanquished.

Vanquished Creatures (others)
  A plant (D:4)
  4 withered plants (D:2)
5 creatures vanquished.

Grand Total: 102 creatures vanquished

Notes
Turn   | Place    | Note
-------+----------+-------------------------------------------
     0 | D:1      | siradein the Troll Necromancer began the quest for the Orb.
     0 | D:1      | Reached XP level 1. HP: 16/16 MP: 1/1
   239 | D:1      | Reached XP level 2. HP: 13/26 MP: 3/3
   520 | D:1      | Reached skill level 1 in Unarmed Combat
   534 | D:1      | Found Irho's Weapon Emporium.
   623 | D:1      | Reached XP level 3. HP: 29/32 MP: 4/4
   633 | D:1      | Learned a level 3 spell: Vampiric Draining
  1003 | D:2      | Reached skill level 1 in Fighting
  1102 | D:2      | Reached XP level 4. HP: 41/41 MP: 5/5
  1591 | D:2      | Noticed an ogre
  1815 | D:3      | Reached XP level 5. HP: 48/48 MP: 6/6
  2157 | D:3      | Reached skill level 4 in Necromancy
  2177 | D:3      | You fall into a shaft and drop 3 floors!
  2182 | D:6      | Reached XP level 6. HP: 53/57 MP: 8/8
  2214 | D:5      | Entered Level 5 of the Dungeon
  2244 | D:4      | Found an ancient bone altar of Kikubaaqudgha.
  2273 | D:4      | Became a worshipper of Kikubaaqudgha
  2299 | D:4      | Found a broken altar of Ashenzari.
  2331 | D:4      | Mangled by an ogre

Illustrated notes

Levels and vault maps discovered:
D:1:      sevenhm_arrival_forest_fort_small_3, layout_loops_corners,
          serial_shops, nicolae_square_shop
D:2:      layout_loops_ring, serial_undead, serial_undead_f, serial_undead_c,
          serial_undead_e, serial_undead_e, serial_undead_b, serial_undead_d,
          serial_undead_b, serial_undead_e, serial_undead_e, serial_undead_f,
          st_stairs_9, minmay_3d_cube
D:3:      layout_basic, shapermc_ecumenical_altar_flowoftime,
          lightli_corner_chamber
D:4:      layout_loops_corners, grunt_ashenzari_visionary
          [grunt_ashenzari_visionary_shoals, grunt_ashenzari_visionary_snake],
          kiku_gazebo_garden_becter, mainiacjoe_overflow_chevrons,
          minmay_between
D:5:      layout_loops_ring, serial_shops, nicolae_inconvenience_store,
          lemuel_flame_loot_1, uniq_pikel, uniq_ijyb
D:6:      layout_loops_ring, pdpol_wu_jian_five_deadly_venoms,
          nicolae_uskayaw_murder_on_the_dancefloor, amcnicky_altar_gilded,
          uniq_sigmund, uniq_blork_the_orc

Skill      XL: |  1  2  3  4  5 |
---------------+----------------+-----
Unarmed Combat | 1 2 |  2.6
Fighting       | 1 2 |  2.1
Dodging        | 2 |  2.7
Spellcasting   | 2 |  2.1
Necromancy     | 4 |  4.1
Stealth        | |  1.0

Action                   |  1- 3 |  4- 6 || total
-------------------------+-------+-------++-------
Melee: Unarmed           |   143 |   209 ||   352
       Punch             |     2 |     3 ||     5
 Cast: Vampiric Draining |       |     2 ||     2
 Stab: Sleeping          |     3 |     3 ||     6
Armor: Robe              |    59 |    65 ||   124
Dodge: Dodged            |    78 |   107 ||   185

Table legend: (Time is in decaauts)
 A = Elapsed time spent in this place.
 B = Non-inter-level travel time spent in this place.
 C = Inter-level travel time spent in this place.
 D = Time resting spent in this place.
 E = Time spent auto-exploring this place.
 F = Levels seen in this place.
 G = Mean time per level.
                   A        B        C        D        E       F      G
               +--------+--------+--------+--------+--------+-----+--------+
         Total |   2325 |   2296 |     29 |      0 |   1547 |   6 |  387.5 |
       Dungeon |   2325 |   2296 |     29 |      0 |   1547 |   6 |  387.5 |
               +--------+--------+--------+--------+--------+-----+--------+

Top non-repeatable levels by time:
     D:1: 983 daAuts
     D:2: 640 daAuts
     D:3: 549 daAuts
     D:4: 105 daAuts
     D:6: 36 daAuts
     D:5: 10 daAuts
